 Dungeon Crawl Stone Soup version 0.23.0-3-gf3c87f2 (webtiles) character file.

Game seed: 6015027916480723823

32574 Torikoriko the Eclecticist (level 13, -2/80 HPs)
             Began as a Deep Elf Venom Mage on Feb 22, 2019.
             Was a High Priest of Vehumet.
             Slain by a water moccasin (5 damage)
             ... on level 6 of the Lair of Beasts.
             The game lasted 01:37:18 (22425 turns).

Torikoriko the Eclecticist (Deep Elf Venom Mage)   Turns: 22425, Time: 01:37:19

Health: -2/80      AC:  4    Str:  5    XL:     13   Next: 32%
Magic:  6/34       EV: 21    Int: 34    God:    Vehumet [*****.]
Gold:   1386       SH:  0    Dex: 21    Spells: 15/42 levels left

rFire    . . .     SeeInvis .   a - staff of conjuration
rCold    + . .     Gourm    .   (no shield)
rNeg     . . .     Faith    .   v - +1 robe {rC+}
rPois    .         Spirit   .   P - +0 hat "Seutzuipo" {Int+5 Stlth+}
rElec    .         Reflect  .   (no cloak)
rCorr    .         Harm     .   (no gloves)
MR       +....                  l - +0 pair of boots
Stlth    +++.......             (no amulet)
HPRegen  0.23/turn              F - +6 ring of dexterity
MPRegen  0.24/turn              R - +3 ring of intelligence

@: lethally poisoned (-2 -> -6)
A: no striking features
a: Renounce Religion


You were on level 6 of the Lair of Beasts.
You worshipped Vehumet.
Vehumet was extremely pleased with you.
You were not hungry.

You visited 2 branches of the dungeon, and saw 16 of its levels.
You also visited: Bailey and Gauntlet.

You collected 1386 gold pieces.

Inventory:

Hand Weapons
 b - the +2 flail "Ginnu" {drain, rElec}
   (You found it on level 5 of the Lair of Beasts)

   A truly terrible weapon, it drains the life of those it strikes.
   It insulates you from electricity.
 Y - a +2 short sword of electrocution
Missiles
 J - a throwing net (quivered) {!f}
Armour
 l - a +0 pair of boots (worn)
 v - a +1 robe of cold resistance (worn)
 G - the +1 helmet of Heod {rF+}
   (You found it on level 8 of the Dungeon)

   It protects you from fire.
 P - the +0 hat "Seutzuipo" (worn) {Int+5 Stlth+}
   (You found it on level 10 of the Dungeon)

   It affects your intelligence (+5).
   It makes you more stealthy.
 T - the +2 leather armour of Boteosm {rPois}
   (You found it on level 1 of the Lair of Beasts)

   It protects you from poison.
Magical Staves
 a - an uncursed staff of conjuration (weapon)
 V - an uncursed staff of earth
 Z - an uncursed staff of wizardry
Jewellery
 w - an uncursed ring of wizardry
 F - a +6 ring of dexterity (left hand)
 R - a +3 ring of intelligence (right hand)
Wands
 d - a wand of disintegration (14)
 j - a wand of flame (22)
 y - a wand of enslavement (6)
 B - a wand of paralysis (14)
 E - a wand of digging (5)
 L - a wand of iceblast (11)
 U - a wand of acid (5)
Scrolls
 g - 2 scrolls of teleportation
 n - 8 scrolls of remove curse
 p - 2 scrolls of fog
 q - a scroll of fear
 r - 2 scrolls of identify
 u - 2 scrolls of enchant armour
 A - 2 scrolls of amnesia
 D - a scroll of brand weapon
 H - 3 scrolls of magic mapping
 Q - a scroll of summoning {unknown}
 S - a scroll of enchant weapon
 W - a scroll of immolation {unknown}
Potions
 e - 2 potions of magic
 f - 5 potions of might
 h - 2 potions of brilliance
 i - a potion of cancellation
 k - 5 potions of mutation
 m - a potion of agility {unknown}
 o - 4 potions of flight
 s - 2 potions of ambrosia {unknown}
 t - 2 potions of heal wounds
 x - 2 potions of invisibility
 z - a potion of resistance {unknown}
 C - a potion of berserk rage
 N - 2 potions of lignification
 X - 2 potions of haste
Miscellaneous
 I - a phantom mirror
 O - a phial of floods
Comestibles
 c - 38 rations


   Skills:
 + Level 8.8 Fighting
 - Level 10.1 Dodging
 - Level 2.4 Stealth
 + Level 15.1 Spellcasting
 * Level 11.9 Conjurations
 - Level 5.0 Transmutations
 - Level 2.0 Air Magic
 - Level 8.5 Poison Magic
 + Level 4.1 Evocations


You had 15 spell levels left.
You knew the following spells:

 Your Spells              Type           Power        Failure   Level  Hunger
a - Stone Arrow           Conj/Erth      ######       1%          3    None
b - Poisonous Vapours     Pois/Air       ######       1%          2    None
c - Freeze                Ice            ####         1%          1    None
d - Olgreb's Toxic Radia  Pois           ######..     1%          4    None
e - Venom Bolt            Conj/Pois      #######...   1%          5    None
f - Airstrike             Air            #####.....   1%          4    None
g - Irradiate             Conj/Tmut      #######...   1%          5    None
x - Mephitic Cloud        Conj/Pois/Air  #######.     1%          3    None

Your spell library contained the following spells:

 Spells                   Type           Power        Failure   Level  Hunger
 Ozocubu's Refrigeration  Ice            ####......   50%         6    ##.....
 Magic Dart               Conj           ####         0%          1    None
 Sting                    Conj/Pois      ####         0%          1    None
 Searing Ray              Conj           ######       0%          2    None
 Animate Skeleton         Necr           N/A          1%          1    None
 Apportation              Tloc           ####..       1%          1    None
 Confusing Touch          Hex            ####..       1%          1    None
 Summon Small Mammal      Summ           ####         1%          1    None
 Dazzling Spray           Conj/Hex       ######       1%          3    None
 Force Lance              Conj/Tloc      #######.     1%          4    None
 Fulminant Prism          Conj/Hex       #######...   1%          4    None
 Iskenderun's Mystic Bla  Conj           ########     1%          4    None
 Confuse                  Hex            ####....     4%          3    None
 Gell's Gravitas          Tloc           ####......   4%          3    None
 Yara's Violent Unravell  Hex/Tmut       #####.....   4%          5    None
 Petrify                  Tmut/Erth      #####...     5%          4    None
 Hydra Form               Tmut           ######....   30%         6    ##.....
 Metabolic Englaciation   Hex/Ice        ####......   41%         5    None
 Statue Form              Tmut/Erth      #####....    65%         6    ##.....
 Dragon Form              Tmut           ######....   86%         7    ####...


Dungeon Overview and Level Annotations

Branches:
Dungeon (10/15)            Temple (0/1) D:6            Lair (6/6) D:8
 Shoals (0/4) Lair:3       Spider (0/4) Lair:4        Slime (0/5) Lair:6
    Orc (0/2) D:10

Altars:
Ashenzari
Dithmenos
Elyvilon
Fedhas
Hepliaklqana
Nemelex Xobeh
Qazlal
Sif Muna
Trog
Uskayaw
Vehumet
Xom
Yredelemnul
Zin
The Shining One

Shops:
D:9 }

Annotations:
D:5 exclusion: downstairs, Grinder
D:6 1 runed translucent door, Inarius's ghost, novice MiVM
Lair:1 exclusion: downstairs


Message History

Aiming: Stone Arrow (safe; 1% risk of failure)
Press: ? - help, Shift-Dir - straight line, f/p - water moccasin
Aim: a water moccasin You feel a surge of power!
The stone arrow hits the water moccasin!!
The water moccasin is severely wounded.
You feel sick. The water moccasin barely misses you.
The death yak closely misses you.
The yak is engulfed in noxious fumes.
The yak appears confused.
The water moccasin closely misses you.
Casting: Stone Arrow (safe; 1% risk of failure)
Confirm with . or Enter, or press ? or * to list all spells.
Aiming: Stone Arrow (safe; 1% risk of failure)
Press: ? - help, Shift-Dir - straight line, f/p - water moccasin
Aim: a water moccasin (severely wounded)
You feel a surge of power!
The stone arrow misses the water moccasin.
You feel sick. The death yak gores you!
* * * LOW HITPOINT WARNING * * *
The water moccasin bites you.
You die...

####### ### ###
########.##P.####.#####.##
###...PP#...PP..P....#P.P.P#
##....PPP.....P..............
#.......P..............#....P
#........(...................
#..P.....#...................
#P..........@...............#
##PP........YS................
#....#..○......P...P#....#.#..
#.#.....°.....................
##.....°☼Y..P........PP..#P.#P
##.....○............P........
##......☼P...P................
#.#....†..............≈...≈≈..
#.P....†.......##..P..#≈≈##≈≈#


You could see a death yak (confused), a yak (confused) and a water moccasin.

Vanquished Creatures
  5 hydras
  Erica (D:8)
  Sonja (Lair:2)
  3 orc knights (Bailey)
  10 elephants
  A manticore (Lair:6)
  5 spiny frogs
  3 rime drakes (Lair:6)
  6 komodo dragons
  A troll (D:10)
  2 hornets (Lair:6)
  4 polar bears
  17 blink frogs
  8 hippogriffs
  7 dream sheep
  5 wyverns
  11 yaks
  A wraith (D:10)
  2 basilisks
  2 chaos spawn (D:10)
  A steam dragon (D:8)
  A hungry ghost (D:10)
  3 wargs (D:10)
  10 water moccasins
  12 porcupines
  Duvessa (D:7)
  15 orc warriors
  5 sky beasts
  2 ice beasts
  6 ogres
  3 phantoms
  4 centaurs
  10 crocodiles
  A big kobold (D:9)
  11 bullfrogs
  Dowan (D:7)
  2 scorpions
  4 killer bees (D:9)
  7 wights
  2 vampire bats (D:4)
  4 crimson imps
  A bullfrog skeleton (D:10)
  2 hounds (D:10)
  A bullfrog zombie (D:9)
  4 orc priests
  A jelly (D:7)
  An iguana (D:8)
  5 orc wizards
  5 worker ants
  3 gnolls
  10 adders
  A shadow imp (D:5)
  An ooze (D:6)
  3 adder skeletons
  A worm (D:2)
  2 dart slugs
  3 leopard geckos
  41 orcs
  4 ball pythons
  8 giant cockroaches
  15 goblins
  5 hobgoblins
  10 jackals
  4 quokkas
  14 bats
  3 frilled lizards (D:1)
  7 kobolds
  A leopard gecko skeleton (D:5)
  A quokka skeleton (D:5)
  A quokka zombie (D:7)
  13 rats
371 creatures vanquished.

Vanquished Creatures (others)
  A demonic plant (Gauntlet)
  11 fungi
  21 plants (Lair:6)
33 creatures vanquished.

Grand Total: 404 creatures vanquished

Notes
Turn   | Place    | Note
-------+----------+-------------------------------------------
     0 | D:1      | Torikoriko the Deep Elf Venom Mage began the quest for the
                  | Orb.
     0 | D:1      | Reached XP level 1. HP: 10/10 MP: 6/6
   217 | D:1      | Reached XP level 2. HP: 15/15 MP: 5/8
   978 | D:2      | Reached XP level 3. HP: 17/19 MP: 7/10
  1173 | D:2      | Found a faded altar of an unknown god.
  1188 | D:2      | Reached skill level 4 in Spellcasting
  1218 | D:2      | Learned a level 2 spell: Poisonous Vapours
  1222 | D:2      | Learned a level 3 spell: Mephitic Cloud
  1399 | D:2      | Found a bloodstained altar of Trog.
  1695 | D:2      | Found a stormy altar of Qazlal.
  1697 | D:2      | Found a shattered altar of Ashenzari.
  2337 | D:3      | You fall through a shaft!
  2353 | D:4      | Reached XP level 4. HP: 24/24 MP: 1/12
  2413 | D:4      | Reached skill level 1 in Air Magic
  2420 | D:4      | Reached XP level 5. HP: 28/28 MP: 7/13
  2511 | D:3      | Found a radiant altar of Vehumet.
  2519 | D:3      | Became a worshipper of Vehumet
  2782 | D:4      | Found a deep blue altar of Sif Muna.
  3516 | D:3      | Reached skill level 5 in Spellcasting
  3841 | D:3      | Reached * piety under Vehumet
  3841 | D:3      | Offered knowledge of Freeze by Vehumet.
  3879 | D:3      | Noticed a sky beast
  3884 | D:3      | Reached XP level 6. HP: 32/32 MP: 7/15
  3890 | D:3      | Killed a sky beast
  4049 | D:3      | Learned a level 1 spell: Freeze
  4054 | D:3      | Learned a level 4 spell: Olgreb's Toxic Radiance
  4525 | D:4      | Reached skill level 5 in Dodging
  4852 | D:5      | Entered Level 5 of the Dungeon
  4868 | D:5      | Noticed a sky beast
  4881 | D:5      | Killed a sky beast
  4881 | D:5      | Reached skill level 6 in Spellcasting
  4881 | D:5      | Reached XP level 7. HP: 36/36 MP: 4/18
  5082 | D:5      | Noticed Grinder
  6047 | D:5      | Reached skill level 5 in Poison Magic
  6545 | D:6      | Found a staircase to the Ecumenical Temple.
  6643 | D:6      | Reached skill level 7 in Spellcasting
  6716 | D:6      | Found a glowing silver altar of Zin.
  6873 | D:6      | Offered knowledge of Throw Frost by Vehumet.
  7022 | D:6      | Found a sparkling altar of Nemelex Xobeh.
  7022 | D:6      | Reached XP level 8. HP: 41/41 MP: 9/21
  7520 | D:6      | Found a runed translucent door.
  7521 | D:6      | Found a shimmering altar of Xom.
  7521 | D:6      | Noticed Inarius's ghost (novice MiVM)
  7522 | D:6      | Noticed a +1 scimitar of chaos
  7544 | D:6      | Reached ** piety under Vehumet
  7595 | D:6      | Reached skill level 8 in Spellcasting
  8496 | D:7      | You fall through a shaft!
  8627 | D:7      | Learned a level 5 spell: Venom Bolt
  8651 | D:7      | Found a shadowy altar of Dithmenos.
  9122 | D:7      | Reached skill level 9 in Spellcasting
  9375 | D:7      | Noticed Dowan
  9377 | D:7      | Noticed Duvessa
  9393 | D:7      | Killed Duvessa
  9393 | D:7      | Reached XP level 9. HP: 45/45 MP: 9/24
  9411 | D:7      | Killed Dowan
 10159 | D:8      | Got a warped helmet
 10165 | D:8      | Identified the +1 helmet of Heod {rF+} (You found it on
                  | level 8 of the Dungeon)
 10297 | D:8      | Noticed Erica
 10332 | D:8      | Killed Erica
 10332 | D:8      | Reached skill level 10 in Spellcasting
 10891 | D:8      | Found a blossoming altar of Fedhas.
 10891 | D:8      | Found a hide-covered altar of Uskayaw.
 10892 | D:8      | Found a hazy altar of Hepliaklqana.
 11011 | D:8      | Found a staircase to the Lair.
 11153 | D:9      | Reached skill level 10 in Dodging
 11183 | D:9      | Offered knowledge of Stone Arrow by Vehumet.
 11183 | D:9      | Reached skill level 11 in Spellcasting
 11196 | D:9      | Learned a level 3 spell: Stone Arrow
 11322 | D:9      | Found Xuurok's Gadget Boutique.
 11395 | D:9      | Reached skill level 1 in Fighting
 11395 | D:9      | Reached XP level 10. HP: 52/52 MP: 23/27
 11408 | D:9      | Found a flagged portal.
 11412 | D:9      | Reached *** piety under Vehumet
 11424 | Bailey   | Entered a bailey
 11425 | Bailey   | Noticed an orc knight
 11617 | Bailey   | Killed an orc knight
 11617 | Bailey   | Reached skill level 5 in Conjurations
 11726 | Bailey   | Noticed an orc knight
 11727 | Bailey   | Noticed an orc knight
 11738 | Bailey   | Killed an orc knight
 11743 | Bailey   | Killed an orc knight
 11864 | D:9      | Reached skill level 12 in Spellcasting
 11924 | D:9      | Offered knowledge of Airstrike by Vehumet.
 11946 | D:9      | Learned a level 4 spell: Airstrike
 12232 | D:9      | Reached skill level 5 in Fighting
 12279 | D:9      | Found a glowing golden altar of the Shining One.
 12747 | D:10     | Entered Level 10 of the Dungeon
 12797 | D:10     | Reached XP level 11. HP: 58/64 MP: 18/29
 12882 | D:10     | Reached **** piety under Vehumet
 12968 | D:10     | Offered knowledge of Ignite Poison by Vehumet.
 13092 | D:10     | Found a staircase to the Orcish Mines.
 13307 | D:10     | Got a transparent hat
 13318 | D:10     | Identified the +0 hat "Seutzuipo" {Int+5 Stlth+} (You found
                  | it on level 10 of the Dungeon)
 13766 | D:10     | Found the +7 mace of Variability {chain chaos}
 13771 | D:10     | Found a shimmering altar of Xom.
 14051 | Lair:1   | Entered Level 1 of the Lair of Beasts
 14084 | Lair:1   | Reached skill level 13 in Spellcasting
 14696 | Lair:1   | Got a translucent leather armour
 14741 | D:8      | Identified the +2 leather armour of Boteosm {rPois} (You
                  | found it on level 1 of the Lair of Beasts)
 15017 | Lair:1   | Noticed a six-headed hydra
 15028 | Lair:1   | Killed a six-headed hydra
 15386 | Lair:1   | Learned a level 5 spell: Irradiate
 15955 | Lair:2   | Noticed a four-headed hydra
 15958 | Lair:2   | Noticed a five-headed hydra
 16152 | Lair:2   | Killed a five-headed hydra
 16332 | Lair:2   | Killed a four-headed hydra
 16692 | Lair:2   | Reached XP level 12. HP: 28/72 MP: 8/31
 16963 | Lair:2   | Noticed Sonja
 16977 | Lair:2   | Reached skill level 14 in Spellcasting
 16987 | Lair:2   | Killed Sonja
 16987 | Lair:2   | Reached skill level 1 in Transmutations
 17496 | Lair:3   | Noticed a six-headed hydra
 17502 | Lair:3   | Killed a six-headed hydra
 17617 | Lair:3   | Found a staircase to the Shoals.
 18597 | Lair:4   | Found a hole to the Spider Nest.
 18605 | Lair:4   | Reached skill level 10 in Conjurations
 18948 | Lair:4   | Found a white marble altar of Elyvilon.
 19621 | Lair:5   | Found a basalt altar of Yredelemnul.
 19696 | Lair:5   | Got a fine flail
 19697 | Lair:5   | Identified the +2 flail "Ginnu" {drain, rElec} (You found
                  | it on level 5 of the Lair of Beasts)
 19824 | Lair:5   | Reached skill level 1 in Evocations
 20362 | Lair:5   | Reached ***** piety under Vehumet
 20841 | Lair:6   | Entered Level 6 of the Lair of Beasts
 20884 | Lair:5   | Offered knowledge of Ozocubu's Refrigeration by Vehumet.
 21066 | Lair:6   | Noticed a five-headed hydra
 21078 | Lair:6   | Reached XP level 13. HP: 79/79 MP: 27/33
 21097 | Lair:6   | Reached skill level 5 in Transmutations
 21207 | Lair:6   | Reached skill level 15 in Spellcasting
 21259 | Lair:6   | Found a gate leading to a gauntlet.
 21271 | Gauntlet | Entered a Gauntlet
 21271 | Gauntlet | Found a transporter.
 21271 | Gauntlet | Found a transporter.
 21271 | Gauntlet | Found a transporter.
 21404 | Gauntlet | Found a transporter.
 21438 | Gauntlet | Found a transporter.
 21441 | Gauntlet | Found a transporter.
 21448 | Gauntlet | Found a transporter.
 21450 | Gauntlet | Found a transporter.
 21450 | Gauntlet | Found a transporter.
 21452 | Gauntlet | Found a transporter.
 21465 | Gauntlet | Found a transporter.
 21466 | Gauntlet | Found a transporter.
 22425 | Lair:6   | HP: 3/80 [death yak (16)]
 22425 | Lair:6   | Slain by a water moccasin

Skill      XL: |  1  2  3  4  5  6  7  8  9 10 11 12 13 |
---------------+----------------------------------------+-----
Dodging        | 3 4 5 6 8 10 | 10.1
Spellcasting   | 4 5 6 7 9 11 12 13 14 15 | 15.1
Poison Magic   | 4 5 7 8 |  8.5
Air Magic      | 1 2 |  2.0
Conjurations   | 2 3 5 9 11 | 11.9
Fighting       | 1 5 7 8 |  8.8
Transmutations | 4 5 |  5.0
Evocations     | 2 4 |  4.1
Stealth        | |  2.4

Action                   |  1- 3 |  4- 6 |  7- 9 | 10-12 | 13-15 || total
-------------------------+-------+-------+-------+-------+-------++-------
Melee: Dagger            |    11 |    73 |       |       |       ||    84
       Short sword       |       |     5 |   171 |   106 |       ||   282
       Flail             |       |       |       |    18 |     5 ||    23
       Staff             |       |       |       |     3 |     2 ||     5
 Cast: Sting             |    71 |    10 |     6 |       |       ||    87
       Poisonous Vapours |    17 |    51 |   104 |    90 |    17 ||   279
       Mephitic Cloud    |     1 |     3 |    20 |    17 |     4 ||    45
       Freeze            |       |       |    11 |       |       ||    11
       Olgreb's Toxic Ra |       |       |     4 |    26 |     3 ||    33
       Venom Bolt        |       |       |     2 |     7 |     1 ||    10
       Stone Arrow       |       |       |     2 |   189 |    60 ||   251
       Airstrike         |       |       |       |    32 |     5 ||    37
Evoke: Wand              |       |       |       |     3 |       ||     3
  Use: Scroll            |     1 |     1 |    16 |    13 |       ||    31
       Potion            |     1 |     1 |       |     3 |     1 ||     6
 Stab: Sleeping          |       |     2 |     7 |       |       ||     9
       Confused          |       |       |     1 |     4 |       ||     5
  Eat: Chunk             |     4 |     8 |    14 |    27 |     2 ||    55
       Ration            |       |       |     2 |     1 |     1 ||     4
Armor: Robe              |     3 |    15 |    27 |    11 |     9 ||    65
       Skin              |    60 |   144 |       |       |       ||   204
Dodge: Dodged            |    21 |    63 |   146 |   204 |    52 ||   486
